 Dungeon Crawl Stone Soup version 0.31-a0-881-ge136f0c47a (webtiles) character file.

Game seed: 16923659232452746278

1859263 Flugkiller the Sensei (level 25, 291/291 HPs)
             Began as an Octopode Shapeshifter on Oct 15, 2023.
             Was an Initiate of Gozag.
             Escaped with the Orb
             ... and 3 runes!
             The game lasted 01:48:02 (52007 turns).

Flugkiller the Sensei (Octopode Shapeshifter)      Turns: 52007, Time: 01:48:03

Health: 291/291    AC: 20    Str: 39    XL:     25   Next: 21%
Magic:  32/32      EV: 31    Int: 15    God:    Gozag
Gold:   5081       SH:  0    Dex: 26    Spells: 24/24 levels left

rFire   + +          +
                       - Unarmed
rCold   + . .        (shield currently unavailable)
rNeg    . . .        (helmet currently unavailable)
rPois   +            a - amulet of Vitality {RegenMP++ Regen++}
rElec   +            m - ring of willpower
rCorr   .            c - ring of protection from cold
SInv    .            l - ring "Zaudimox" {rPois rF++ Str+5 Dex+2}
Will    ++...        p - +4 ring of protection
Stlth   +            Q - ring of the Hare {EV+10}
HPRegen 2.28/turn    O - ring of Cuostea {rElec rPois rC- Dex+6 Stlth+}
MPRegen 1.03/turn    R - ring of Tadif {rC+ Str+6}
                     e - ring of Likiq {rC+ MP+9 Int+2}

%: no passive effects
@: dragon-form, flying, studying Ice Magic
A: dragon claw, dragon scales, breathe fire, flying, boosted hp, almost no
armour, amphibious, 8 rings, giant, (camouflage 1), (gelatinous body 1), (nimble
swimmer 1), (tentacles)
0: Orb of Zot
}: 3/15 runes: decaying, serpentine, silver
a: Breathe Fire, Begin Untransformation, Renounce Religion, Potion Petition,
Call Merchant, Bribe Branch


You escaped.
You worshipped Gozag.
Gozag was greatly pleased with you.
You were a fearsome dragon!
You visited 9 branches of the dungeon, and saw 47 of its levels.
You visited the Abyss 1 time.
You visited 1 bazaar.
You also visited: Ossuary and Bailey.

You collected 24391 gold pieces.
You spent 6070 gold pieces at shops.
You paid 13240 gold pieces to Gozag.

Inventory:

Missiles
 g - 5 curare-tipped darts (quivered)
 Z - a throwing net
Jewellery
 a - the amulet of Vitality (around neck) {RegenMP++ Regen++}
   (You found it on level 2 of the Depths)

   [amulet of magic regeneration]

   RegenMP:   It increases your rate of magic regeneration.
   Regen++:   It increases your rate of health regeneration.
 c - a ring of protection from cold (right foreclaw)
   (You bought it in a shop on level 2 of the Orcish Mines)
 e - the ring of Likiq (on tentacle) {rC+ MP+9 Int+2}
   (You found it on level 1 of the Realm of Zot)

   [ring of magical power]

   Int+2:     It affects your intelligence (+2).
   rC+:       It protects you from cold.
   MP+9:      It affects your magic capacity (+9).
 i - a ring of see invisible
   (You found it on level 4 of the Vaults)
 l - the ring "Zaudimox" (on tentacle) {rPois rF++ Str+5 Dex+2}
   (You found it on level 5 of the Vaults)

   [ring of poison resistance]

   Str+5:     It affects your strength (+5).
   Dex+2:     It affects your dexterity (+2).
   rF++:      It greatly protects you from fire.
   rPois:     It protects you from poison
 m - a ring of willpower (left foreclaw)
   (You took it off a deep elf sorcerer on level 3 of the Elven Halls)
 p - a +4 ring of protection (on tentacle)
   (You bought it in a shop on level 1 of the Vaults)
 J - a +6 ring of strength
   (You found it on level 5 of the Vaults)
 L - the amulet "Boril" {Spirit rElec Slay+3}
   (You found it in a bailey)

   [amulet of guardian spirit]

   Spirit:    It causes incoming damage to be divided between your reserves of
   health and magic.
   Slay+3:    It affects your accuracy & damage with ranged weapons and melee
   (+3).
   rElec:     It insulates you from electricity.
 M - a +4 ring of protection
   (You bought it in a shop on level 3 of the Vaults)
 O - the ring of Cuostea (on tentacle) {rElec rPois rC- Dex+6 Stlth+}
   (You acquired it on level 1 of the Lair of Beasts)

   [ring of dexterity]

   Dex+6:     It affects your dexterity (+6).
   rC-:       It makes you vulnerable to cold.
   rElec:     It insulates you from electricity.
   rPois:     It protects you from poison Stlth+: It makes you more stealthy.
 Q - the ring of the Hare (on tentacle) {EV+10}
   (You found it on level 5 of the Lair of Beasts)

   [ring of evasion]

   EV+10:     It affects your evasion (+10).
 R - the ring of Tadif (on tentacle) {rC+ Str+6}
   (You took it off a deep elf demonologist on level 3 of the Elven Halls)

   [ring of strength]

   Str+6:     It affects your strength (+6).
   rC+:       It protects you from cold.
 V - the ring of Darkness {Fly EV+5 Int-5 SInv}
   (You bought it in a shop on level 2 of the Orcish Mines)

   [ring of evasion]

   EV+5:      It affects your evasion (+5).
   Int-5:     It affects your intelligence (-5).
   SInv:      It lets you see invisible.
   Fly:       It grants you flight.
Talismans
 k - a dragon-blood talisman (active)
   (You found it on level 4 of the Swamp)
Wands
 B - a wand of charming (83)
   (You found it on level 7 of the Dungeon)
 C - a wand of mindburst (15)
   (You found it on level 11 of the Dungeon)
 E - a wand of digging (18)
   (You found it on level 14 of the Dungeon)
 N - a wand of iceblast (47)
   (You found it on level 10 of the Dungeon)
 U - a wand of light (29)
   (You found it on level 5 of the Lair of Beasts)
Scrolls
 j - 3 scrolls of silence
 r - 4 scrolls of poison
 s - 4 scrolls of fog
 t - 14 scrolls of teleportation
 y - 10 scrolls of vulnerability
 z - 6 scrolls of blinking
 D - 5 scrolls of butterflies
 F - 6 scrolls of immolation
 H - 4 scrolls of revelation
 T - 9 scrolls of fear
Potions
 d - 6 potions of might
 h - 9 potions of haste
 n - 7 potions of resistance
 o - 7 potions of magic
 q - 14 potions of curing
 u - 5 potions of ambrosia
 v - 5 potions of invisibility
 w - 8 potions of heal wounds
 x - 6 potions of mutation
 A - 8 potions of enlightenment
 G - 6 potions of attraction
 I - 8 potions of cancellation
 Y - 4 potions of berserk rage
Miscellaneous
 b - a tin of tremorstones (2/2)
   (You found it on level 2 of the Vaults)
 K - a lightning rod (4/4)
   (You found it on level 4 of the Vaults)
 S - a phantom mirror
   (You found it on level 1 of the Orcish Mines)
 X - a phial of floods
   (You found it on level 4 of the Vaults)


   Skills:
 + Level 21.6 Fighting
 - Level 16.0 Dodging
 - Level 5.0 Shields
 + Level 24.3 Unarmed Combat
 - Level 9.0 Evocations
 + Level 22.9 Shapeshifting


You had 24 spell levels left.
You didn't know any spells.
Your spell library contained the following spells:

 Spells                   Type           Power      Damage    Failure   Level
 Apportation              Tloc           0%         N/A       26%         1
 Freeze                   Ice            0%         1d3       26%         1
 Magic Dart               Conj           0%         1d3       26%         1
 Shock                    Conj/Air       0%         1d3       26%         1
 Sting                    Tmut/Pois      0%         1d3       26%         1
 Summon Small Mammal      Summ           0%         N/A       26%         1
 Blink                    Tloc           0%         N/A       38%         2
 Call Imp                 Summ           0%         N/A       38%         2
 Cigotuvi's Dreadful Rot  Necr/Pois/Air  0%         N/A       38%         2
 Jinxbite                 Hex            0%         N/A       38%         2
 Lesser Beckoning         Tloc           0%         N/A       38%         2
 Momentum Strike          Conj/Tloc      0%         3d8       38%         2
 Poisonous Vapours        Pois/Air       0%         N/A       38%         2
 Static Discharge         Conj/Air       0%         2-2/arc   38%         2
 Wereblood                Tmut           0%         N/A       38%         2
 Call Canine Familiar     Summ           0%         N/A       63%         3
 Dazzling Flash           Conj/Hex       0%         N/A       63%         3
 Frozen Ramparts          Ice            0%         1d1       63%         3
 Gell's Gravitas          Tloc           0%         N/A       63%         3
 Hailstorm                Conj/Ice       0%         3d3       63%         3
 Inner Flame              Hex/Fire       0%         N/A       63%         3
 Mephitic Cloud           Conj/Pois/Air  0%         N/A       63%         3
 Ozocubu's Armour         Ice            0%         N/A       63%         3
 Stone Arrow              Conj/Erth      0%         3d7       63%         3
 Summon Guardian Golem    Hex/Summ       0%         N/A       63%         3
 Swiftness                Air            0%         N/A       63%         3
 Teleport Other           Tloc           0%         N/A       63%         3
 Tukima's Dance           Hex            0%         N/A       63%         3
 Volatile Blastmotes      Fire/Tloc      0%         2d10      63%         3
 Airstrike                Air            0%         2d(0-16)  95%         4
 Brom's Barrelling Bould  Conj/Erth      0%         2d3       95%         4
 Dimensional Bullseye     Hex/Tloc       0%         N/A       95%         4
 Flame Wave               Conj/Fire      0%         2d4       95%         4
 Fulminant Prism          Conj/Hex       0%         3d5       95%         4
 Iskenderun's Mystic Bla  Conj/Tloc      0%         2d3       95%         4
 Manifold Assault         Tloc           0%         N/A       95%         4
 Olgreb's Toxic Radiance  Pois           0%         N/A       95%         4
 Passage of Golubria      Tloc           0%         N/A       95%         4
 Petrify                  Tmut/Erth      0%         N/A       95%         4
 Summon Ice Beast         Ice/Summ       0%         N/A       95%         4
 Summon Lightning Spire   Summ/Air       0%         N/A       95%         4
 Vhi's Electric Charge    Tloc/Air       0%         N/A       95%         4
 Agony                    Necr           0%         N/A       100%        5
 Alistair's Intoxication  Tmut/Pois      0%         N/A       100%        5
 Arcjolt                  Conj/Air       0%         1d10      100%        5
 Borgnjor's Vile Clutch   Necr/Erth      0%         N/A       100%        5
 Fireball                 Conj/Fire      0%         3d3       100%        5
 Freezing Cloud           Conj/Ice/Air   0%         6-21      100%        5
 Irradiate                Conj/Tmut      0%         3d11      100%        5
 Iskenderun's Battlesphe  Conj           0%         2d6       100%        5
 Metabolic Englaciation   Hex/Ice        0%         N/A       100%        5
 Silence                  Hex/Air        0%         N/A       100%        5
 Summon Forest            Summ/Tloc      0%         N/A       100%        5
 Summon Mana Viper        Hex/Summ       0%         N/A       100%        5
 Yara's Violent Unravell  Hex/Tmut       0%         3d3       100%        5
 Bombard                  Conj/Erth      0%         9d1       100%        6
 Conjure Ball Lightning   Conj/Air       0%         3x3d6     100%        6
 Death Channel            Necr           0%         N/A       100%        6
 Dispersal                Tloc           0%         N/A       100%        6
 Eringya's Noxious Bog    Tmut/Pois      0%         4d6       100%        6
 Enfeeble                 Hex            0%         N/A       100%        7
 Haunt                    Necr/Summ      0%         N/A       100%        7
 Malign Gateway           Summ/Tloc      0%         N/A       100%        7
 Monstrous Menagerie      Summ           0%         N/A       100%        7
 Orb of Destruction       Conj           0%         9d5       100%        7
 Spellforged Servitor     Conj/Summ      0%         N/A       100%        7
 Lehudib's Crystal Spear  Conj/Erth      0%         10d2      100%        8
 Maxwell's Capacitive Co  Air            0%         ∞         100%        8
 Animate Dead             Necr           Unusable   N/A       N/A         4
 Simulacrum               Ice/Necr       Unusable   N/A       N/A         6

Dungeon Overview and Level Annotations

Branches:
Dungeon (15/15)            Temple (0/1) D:6            Lair (5/5) D:8
  Swamp (4/4) Lair:3        Snake (4/4) Lair:3        Slime (0/5) Lair:4
    Orc (2/2) D:12            Elf (3/3) Orc:2        Vaults (5/5) D:14
  Crypt (0/3) Vaults:3     Depths (4/4) D:15            Zot (5/5) Depths:4
Ossuary (visited)          Bailey (visited)

Altars:
Dithmenos
Fedhas
Gozag
Kikubaaqudgha
Makhleb
Qazlal
Sif Muna
Trog
Vehumet
Xom
Yredelemnul
The Shining One
Jiyva

Shops:
D:4 :*   D:14 ?   Orc:2 (=!***   Lair:4 *=   Snake:1 *   Snake:2 *   Snake:4 *
Vaults:1 =   Vaults:3 =

Portals:
Hell: Depths:1 Depths:2 Depths:3 Depths:4
Abyss: Depths:3 Depths:4
Pandemonium: Orc:2 Depths:2 Depths:4
Ziggurat: Depths:1
Trove: D:13 (give horn of Geryon)

Annotations:
D:3 exclusion: scorpion
D:5 exclusions: 2 gnolls and gnoll sergeant, Edmund
D:6 1 runed translucent door, exclusion: troll, Crazy Yiuf
D:11 exclusion: boulder beetle, Psyche; Snorg
D:14 exclusion: catoblepas
Lair:1 3 runed translucent doors, Rayvis's ghost, journeyman MiFi
Lair:2 exclusion: oklob plant
Lair:4 exclusion: 3 oklob plants
Swamp:2 exclusion: oklob plant
Snake:3 2 transporters, Emari's ghost, adept TrBe
Elf:1 1 runed translucent door
Elf:2 3 runed translucent doors
Depths:3 8 runed translucent doors


Innate Abilities, Weirdness & Mutations

You are a fearsome dragon!
You have a powerful clawing attack.
Your giant scaled body is strong and resilient, but less evasive.
You can breathe fire.
You are flying.
Your maximum health is greatly increased.
Your armour is entirely melded.
You are incapable of wielding weapons or throwing items.
You cannot wear most types of armour.
You are amphibious.
You can wear up to eight rings at the same time.
((Your skin changes colour to match your surroundings (Stealth+).))
((Your rubbery body absorbs attacks. (AC +1, EV +1)))
((You are camouflaged when in or above water. (Stealth+)))
((You have tentacles for arms and can constrict up to eight enemies at once.))


Message History

You fly upwards.
There is a stone staircase leading down here.
There is a stone staircase leading up here.
You fly upwards.
There is a stone staircase leading down here.
There is a stone staircase leading up here.
You fly upwards.
There is a stone staircase leading down here.
There is a stone staircase leading up here.
You fly upwards.
There is a stone staircase leading down here.
A golden eye comes into view.
There is a stone staircase leading up here.
You fly upwards.
Level annotation: 1 runed translucent door, exclusion: troll, Crazy Yiuf
There is a stone staircase leading down here.
A sun demon comes into view.
You hit the sun demon but do no damage. You claw the sun demon!!!
You bite the sun demon!
The sun demon is almost dead.
You maul the sun demon!!!
You kill the sun demon!
You now have 5061 gold pieces (gained 9).
There is a strange disturbance nearby!
Unknown command.
There is a stone staircase leading up here.
You fly upwards.
Level annotation: exclusions: 2 gnolls and gnoll sergeant, Edmund
There is a stone staircase leading down here.
There is a stone staircase leading up here.
You fly upwards.
A seraph and a cherub come into view.
The seraph is wielding a +4 great sword of flaming.
The cherub is wielding a +3 falchion of flaming.
There is a stone staircase leading down here.
The cherub's lion head roars!
The seraph gestures.
The seraph gestures.
The seraph begins to accept its allies' injuries.
The cherub unwields a +0 scimitar of flaming.
It stops flaming.
The cherub wields a +0 shortbow.
The cherub shoots an arrow.
The arrow completely misses you.
The cherub sings a powerful hymn!
The angels go into a battle-frenzy!
The cherub sings a powerful hymn!
The cherub goes into a battle-frenzy!
There is an open door here.
The seraph gestures.
The cherub sings a powerful hymn!
The angels go into a battle-frenzy!
The seraph gestures.
The seraph begins to accept its allies' injuries.
The cherub shoots an arrow.
The arrow misses you.
The seraph shouts a warning to its allies!
There is a stone staircase leading up here.
The seraph gestures.
The seraph begins to accept its allies' injuries.
You fly upwards.
Level annotation: exclusion: scorpion
There is a stone staircase leading down here.
Things that are here:
6 poisoned darts; a +0 dagger An Orb Guardian comes into view.
A tormentor comes into view.
You maul the tormentor!!!
You kill the tormentor!
The Orb Guardian completely misses you.
You maul the Orb Guardian!!!!
You kill the Orb Guardian!
No target in view!
No target in view!
A Brimstone Fiend comes into view.
You see here 9 gold pieces.
You maul the Brimstone Fiend!!!
You bite the Brimstone Fiend, but do no damage.
The Brimstone Fiend is heavily wounded.
You maul the Brimstone Fiend!!!
You kill the Brimstone Fiend!
You now have 5081 gold pieces (gained 20).
A hellion comes into view.
A green death comes into view.
There is a stone staircase leading up here.
The green death completely misses you.
You fly upwards.
There is a stone staircase leading down here.
You maul the green death!!!
You tail-slap the green death. You claw the green death!
You kill the green death!
No target in view!
No target in view!
There is a stone staircase leading up here.
You fly upwards.
There is a stone staircase leading down here.
There is a staircase leading out of the dungeon here.
Unknown command.
Enter note: gg You are a fearsome dragon!
You are flying.
You are studying Ice Magic.
Your flying speed is average.
Your attack delay is about 0.5.
Your damage rating with unarmed combat is about 129 (Base [31 + 24 (UC)] x 172% (Str) x 136% (Fight)).
Your base attributes are Str 18, Int 13, Dex 18.
Unknown command.
You have escaped!

#.# ##........[# #.#####
##........# ######
#.....###....~##### #~~~~##
###.......#~~~~### ###~~~#
#...#######~~~~#####~~~~~~ #####
###~~~~~~~~~#### #####~~~### ###
########## #D# #~~~~ #.#
############ ##### #.#
#.~~~~~~#### ....#
######.#####.###~~~~~~~
###.#######...'..>#......########
##.......[....###########.#
##..#######........# #.# ##....#
#.###.#### #.### ....#'#####.#
#.# #...#


There were no monsters in sight!

Vanquished Creatures
  An ancient lich (Vaults:5)
  2 royal mummies (Depths:2)
  Vashnia (Snake:2)
  A Killer Klown (Zot:4)
  Margery (Vaults:2)
  Xtahua (Depths:4)
  Saint Roka (Vaults:5)
  3 caustic shrikes (Depths:4)
  A bone dragon (Depths:4)
  A golden dragon (Zot:5)
  the Enchantress (Depths:2)
  Jory (Vaults:5)
  A Brimstone Fiend (D:3)
  5 tentacled monstrosities
  An Orb Guardian (D:3)
  A lich (Depths:1)
  A deep elf master archer (Elf:3)
  6 titans (Vaults:5)
  3 quicksilver dragons
  3 deep elf blademasters (Elf:3)
  6 sphinxes
  4 death cobs
  Agnes (D:15)
  12 tengu reavers
  5 shadow dragons
  3 thorn hunters
  Aizul (Snake:1)
  2 fenstrider witches (Swamp:3)
  9 storm dragons
  15 nagarajas
  A ghost moth (Zot:1)
  3 frost giants
  3 draconian scorchers
  A balrug (Depths:3)
  A draconian knight (Depths:4)
  6 fire giants
  13 deep elf sorcerers
  3 draconian shifters
  An angel (Depths:1)
  20 vault wardens
  4 draconian annihilators
  5 deep elf elementalists (Elf:3)
  An orc warlord (Vaults:2)
  6 stone giants
  5 vampire knights
  4 ironbound thunderhulks
  4 spriggan defenders (Depths:2)
  4 green draconians
  14 very ugly things
  5 war gargoyles
  A reaper (Depths:2)
  18 ironbound preservers
  4 yellow draconians
  7 deep elf demonologists
  4 eleionomae
  2 white draconians
  5 spark wasps (Depths:3)
  2 black draconians
  2 purple draconians (Zot:1)
  4 red draconians
  5 dire elephants
  9 deep elf annihilators
  6 bunyips
  6 mummy priests (Depths:2)
  6 deep elf death magi
  13 ettins
  The ghost of Cinolulu the Thaumaturge, a journeyman DEIE of Sif Muna (Orc:1)
  A green death (D:2)
  12 fire dragons
  4 shambling mangroves
  Josephine (D:11)
  13 yaktaur captains
  10 deep elf high priests
  A quicksilver dragon zombie (Depths:1)
  4 great orbs of eyes
  An entropy weaver (Vaults:4)
  7 ice dragons
  A sphinx zombie (Depths:1)
  5 salamander tyrants (Snake:4)
  4 ogre magi
  4 spriggan air magi
  32 vault guards
  5 anacondas
  15 hydras
  10 rakshasas
  12 alligators
  A merfolk avatar (Lair:5)
  5 ghost crabs
  7 ironbound frosthearts
  An anaconda (shapeshifter) (Vaults:5)
  2 catoblepae
  2 demonspawn (Orc:2)
  17 naga warriors
  A death knight (D:14)
  11 centaur warriors
  16 dancing weapons
  2 boulder beetles
  A two-headed ogre (shapeshifter) (Vaults:4)
  3 death yaks (Lair:4)
  5 shock serpents
  4 spriggan berserkers
  10 two-headed ogres
  9 deep troll shamans
  4 tengu warriors
  6 deep troll earth magi
  14 naga sharpshooters
  9 orc high priests
  8 hell knights
  A soul eater (Orc:2)
  8 deep elf knights
  Nergalle (Lair:3)
  2 skysharks (Lair:3)
  2 sun demons
  Amaemon (Lair:3)
  4 goliath frogs
  2 salamander mystics
  A sixfirhy (Depths:2)
  A shadow wraith (Vaults:5)
  Lodul (D:14)
  4 iron trolls
  4 glowing orange brains
  4 sea snakes (Lair:5)
  8 swamp dragons
  A spectral hydra (Swamp:4)
  52 deep trolls
  2 bog bodies
  7 lindwurms
  5 spriggan druids
  4 naga ritualists
  5 flayed ghosts
  5 phantasmal warriors
  4 deep elf archers
  27 deep elf pyromancers
  An orange crystal statue (Vaults:4)
  7 wizards
  26 deep elf zephyrmancers
  6 necromancers
  9 orc knights
  2 wolf spiders (Lair:2)
  6 mana vipers
  A harpy (Vaults:1)
  19 ironbound convokers
  11 orc sorcerers
  3 oklob plants (Swamp:4)
  3 salamanders
  3 will-o-the-wisps
  28 ugly things
  6 cyclopes
  3 manticores
  13 elephants
  13 vault sentinels
  28 black mambas
  2 moths of wrath
  5 guardian serpents
  20 naga magi
  3 orange demons
  4 gargoyles
  2 torpor snails
  A cane toad (shapeshifter) (D:14)
  3 smoke demons
  24 cane toads
  An unseen horror (D:13)
  6 freezing wraiths
  33 yaktaurs
  3 rime drakes
  An ice devil (Orc:2)
  13 komodo dragons
  A tormentor (D:3)
  A yaktaur (shapeshifter) (Vaults:5)
  A guardian mummy (Depths:2)
  6 trolls
  5 polar bears
  A tengu conjurer (Depths:2)
  2 death drake zombies (Swamp:4)
  2 wind drakes (Lair:5)
  9 blink frogs
  13 tyrant leeches
  A tyrant leech (shapeshifter) (Vaults:5)
  21 hornets
  Prince Ribbit (D:7)
  A bloated husk (Swamp:1)
  2 death drake skeletons (Swamp:4)
  A stone giant simulacrum (Depths:1)
  8 dream sheep
  An ettin zombie (Depths:1)
  2 snapping turtles (Lair:5)
  A culicivora (Vaults:4)
  34 slime creatures
  14 spriggans
  A small abomination (Abyss:2)
  4 wyverns
  7 wraiths
  2 vampires
  A ynoxinul (Abyss:2)
  3 air elementals
  41 yaks
  2 water elementals (Depths:1)
  3 fire elementals
  Grum (D:8)
  6 basilisks
  A basilisk (shapeshifter) (D:15)
  2 chaos spawn
  A redback (shapeshifter) (Vaults:5)
  5 golden eyes
  A steam dragon (Lair:5)
  15 vampire mosquitoes
  2 wargs (Orc:2)
  9 swamp worms
  A glowing shapeshifter zombie (Depths:1)
  34 nagas
  9 water moccasins
  2 acid dragons
  5 hydra simulacra (Swamp:4)
  9 swamp drakes
  A sky beast (D:6)
  36 orc warriors
  5 boggarts (D:14)
  2 ice beasts
  24 ogres
  3 black bears
  15 wolves
  A phantom (D:6)
  15 centaurs
  6 elf zombies (Ossuary)
  3 kobold brigands
  18 bullfrogs
  A scorpion (D:6)
  10 killer bees
  3 howler monkeys
  7 vampire bats (Bailey)
  7 wolf zombies (Bailey)
  A lava snake (D:14)
  5 centaur zombies (Ossuary)
  5 hounds
  A human zombie (Ossuary)
  28 orc priests
  4 iguanas
  A sleepcap (D:8)
  Jessica (D:2)
  18 orc wizards
  5 mummies
  Robin (D:4)
  14 adders
  A shadow imp (D:7)
  3 white imps
  2 ufetubi (D:6)
  3 worms
  4 dart slugs
  99 orcs
  11 ball pythons
  9 bats
  7 endoplasms
  2 giant cockroaches
  13 goblins
  12 hobgoblins
  3 jackals (D:2)
  21 kobolds
  3 quokkas
  7 frilled lizards
  20 orc zombies (Bailey)
  7 rats
1801 creatures vanquished.

Vanquished Creatures (collateral kills)
  2 Killer Klowns (Zot:5)
  2 electric golems (Zot:5)
  7 Orb Guardians (Zot:5)
  A draconian knight (Zot:5)
  2 draconian scorchers (Zot:5)
  A hydra zombie (Swamp:4)
  2 green draconians (Zot:5)
  A white draconian (Zot:5)
  A spriggan druid (Swamp:4)
  A moth of wrath (Zot:5)
  A death drake skeleton (Swamp:4)
  A wolf (D:8)
22 creatures vanquished.

Vanquished Creatures (others)
  2 Orb Guardians (Zot:5)
  A yellow draconian (Zot:5)
  A two-headed ogre (Orc:1)
  A spriggan (Swamp:4)
  A goliath frog (Swamp:1)
  A deep elf zephyrmancer (Elf:2)
  2 bloated husks (Swamp:1)
  A hornet (Swamp:4)
  4 foxfires (Swamp:3)
14 creatures vanquished.

Grand Total: 1837 creatures vanquished

Notes
Turn   | Place    | Note
-------+----------+-------------------------------------------
     0 | D:1      | Flugkiller the Octopode Shapeshifter began the quest for
                  | the Orb.
     0 | D:1      | Reached XP level 1. HP: 13/13 MP: 1/1
    79 | D:1      | Reached XP level 2. HP: 18/18 MP: 2/2
   422 | D:1      | Reached skill level 4 in Unarmed Combat
   495 | D:1      | Reached XP level 3. HP: 23/23 MP: 3/3
   507 | D:1      | Found a faded altar of an unknown god.
   514 | D:1      | Got a dusty book
  1521 | D:2      | Reached XP level 4. HP: 28/28 MP: 4/4
  1521 | D:2      | Noticed Jessica
  1526 | D:2      | Killed Jessica
  1527 | D:2      | Reached skill level 5 in Unarmed Combat
  1892 | D:3      | Reached XP level 5. HP: 34/35 MP: 5/5
  2443 | D:3      | Found a shimmering altar of Xom.
  2694 | D:4      | Found Itawyann's Tiny Tomes.
  3091 | D:4      | Reached XP level 6. HP: 35/42 MP: 6/6
  3143 | D:4      | Found an opulent altar of Gozag.
  3147 | D:4      | Found Gozag's Platinum Reserve.
  3361 | D:4      | Noticed Robin
  3376 | D:4      | Killed Robin
  3732 | D:5      | Entered Level 5 of the Dungeon
  3842 | D:4      | Became a worshipper of Gozag Ym Sagoz the Greedy
  3892 | D:5      | Found a glowing golden altar of the Shining One.
  3972 | D:5      | Got a droning book
  4008 | D:5      | Reached XP level 7. HP: 29/46 MP: 7/7
  4058 | D:5      | Reached skill level 5 in Shapeshifting
  4113 | D:5      | Noticed Edmund
  4343 | D:5      | Reached skill level 6 in Unarmed Combat
  4902 | D:6      | Found a staircase to the Ecumenical Temple.
  4911 | D:6      | Reached XP level 8. HP: 43/52 MP: 8/8
  4934 | D:6      | Reached skill level 7 in Unarmed Combat
  5174 | D:6      | Found a burning altar of Makhleb.
  5309 | D:6      | Reached skill level 5 in Dodging
  5418 | D:6      | Found a runed translucent door.
  5419 | D:6      | Noticed Crazy Yiuf
  5683 | D:6      | Noticed a troll
  5970 | D:7      | Noticed Prince Ribbit
  5977 | D:7      | Reached XP level 9. HP: 55/58 MP: 9/9
  5981 | D:7      | Killed Prince Ribbit
  6507 | D:7      | Found a shimmering blue altar of Sif Muna.
  6663 | D:7      | Reached skill level 5 in Fighting
  6663 | D:7      | Reached skill level 1 in Evocations
  6849 | D:8      | Found a sand-covered staircase.
  6854 | Ossuary  | Entered an ossuary
  6962 | Ossuary  | Reached skill level 8 in Unarmed Combat
  7028 | D:8      | Identified a scroll of acquirement
  7127 | D:8      | Noticed Grum
  7133 | D:8      | Reached XP level 10. HP: 58/68 MP: 10/10
  7158 | D:8      | Killed Grum
  7177 | D:8      | Found a flagged portal.
  7186 | Bailey   | Entered a bailey
  7278 | Bailey   | Noticed a gargoyle
  7290 | Bailey   | Killed a gargoyle
  7359 | Bailey   | Reached skill level 9 in Unarmed Combat
  7587 | Bailey   | Got an antique book
  7628 | Bailey   | Identified the amulet "Boril" {Spirit rElec Slay+3}
  7706 | D:8      | Found a staircase to the Lair.
  7893 | D:8      | Reached skill level 10 in Unarmed Combat
  8668 | D:9      | Found a shadowy altar of Dithmenos.
  8906 | D:10     | Entered Level 10 of the Dungeon
  9094 | D:10     | Paralysed by a hornet for 3 turns
  9270 | D:10     | Found a stormy altar of Qazlal.
  9328 | D:10     | Found a bloodstained altar of Trog.
  9499 | D:10     | HP: 2/68 [polar bear (7)]
  9738 | D:11     | Noticed a cyclops
  9741 | D:11     | Noticed a gargoyle
  9760 | D:11     | Killed a cyclops
  9761 | D:11     | Reached XP level 11. HP: 38/72 MP: 11/11
  9812 | D:11     | Noticed a boulder beetle
  9858 | D:11     | Killed a boulder beetle
  9931 | D:11     | Reached skill level 10 in Shapeshifting
  9934 | D:11     | Noticed Snorg
  9938 | D:11     | Noticed a red ugly thing
  9943 | D:11     | Killed a red ugly thing
  9985 | D:11     | Noticed a boulder beetle
 10212 | D:11     | Noticed Psyche
 10304 | Lair:1   | Entered Level 1 of the Lair of Beasts
 10305 | Lair:1   | Acquired the ring of Cuostea {rElec rPois rC- Dex+6 Stlth+}
 10385 | Lair:1   | Identified the +8 trident "Giantbane" {pain, rC- Dex+4}
 10708 | Lair:1   | Noticed a catoblepas
 10710 | Lair:1   | Found a runed translucent gate.
 10710 | Lair:1   | Found a runed translucent gate.
 10710 | Lair:1   | Found a runed translucent gate.
 10711 | Lair:1   | Noticed Rayvis's ghost (journeyman MiFi)
 11241 | Lair:2   | Reached skill level 10 in Dodging
 11531 | Lair:2   | Noticed an oklob plant
 11595 | Lair:2   | Noticed a wolf spider
 11651 | Lair:2   | Reached XP level 12. HP: 63/79 MP: 12/12
 12219 | Lair:2   | Found an ancient bone altar of Kikubaaqudgha.
 12270 | Lair:2   | Reached skill level 5 in Evocations
 12532 | Lair:2   | Noticed a five-headed hydra
 13077 | Lair:3   | Noticed Amaemon
 13242 | Lair:3   | Found a staircase to the Snake Pit.
 13305 | Lair:3   | Killed Amaemon
 13631 | Lair:3   | Reached skill level 11 in Unarmed Combat
 13642 | Lair:3   | Noticed a skyshark
 13661 | Lair:3   | Reached XP level 13. HP: 84/88 MP: 13/13
 14624 | Lair:4   | Bought a +6 ring of dexterity for 648 gold pieces
 15296 | Lair:4   | Found a viscous altar of Jiyva.
 15489 | Lair:5   | Entered Level 5 of the Lair of Beasts
 15962 | Lair:5   | Identified the +4 spear of Poverty {venom, rElec rF- Will++
                  | Dex+3}
 16013 | Lair:5   | Reached skill level 12 in Unarmed Combat
 16429 | Lair:5   | Reached XP level 14. HP: 94/97 MP: 14/14
 16892 | Lair:5   | Reached skill level 10 in Fighting
 16980 | Lair:5   | Found the ring of the Hare {EV+10}
 17272 | Lair:5   | Reached skill level 13 in Unarmed Combat
 17326 | Lair:4   | Found a staircase to the Slime Pits.
 18320 | D:11     | Noticed Josephine
 18632 | D:11     | Killed Josephine
 18750 | D:12     | Found a staircase to the Orcish Mines.
 19087 | D:12     | Reached skill level 14 in Unarmed Combat
 19750 | D:13     | Found a portal to a secret trove of treasure.
 20395 | D:13     | Reached XP level 15. HP: 105/105 MP: 15/15
 21053 | D:14     | Found a gate to the Vaults.
 21267 | D:14     | Found Ticvef's Magic Scroll Shop.
 21273 | D:14     | Bought 3 scrolls of blinking for 337 gold pieces
 21273 | D:14     | Bought a scroll of fear for 60 gold pieces
 21918 | D:15     | Entered Level 15 of the Dungeon
 21962 | D:15     | Reached skill level 15 in Dodging
 22013 | D:15     | Found a staircase to the Depths.
 22227 | D:15     | Noticed Agnes
 22234 | D:15     | Killed Agnes
 23312 | D:14     | Noticed Lodul
 23335 | D:14     | Killed Lodul
 23605 | Orc:1    | Entered Level 1 of the Orcish Mines
 23665 | Orc:1    | Reached skill level 1 in Shields
 24103 | Orc:1    | Found a runed translucent door.
 24107 | Orc:1    | Noticed Cinolulu's ghost (journeyman DEIE)
 24240 | Orc:1    | Killed Cinolulu's ghost
 24294 | Orc:2    | Entered Level 2 of the Orcish Mines
 24526 | Orc:2    | Found a staircase to the Elven Halls.
 24588 | Orc:2    | Found Rotoev's General Store.
 24590 | Orc:2    | Found Tariqots's General Store.
 24743 | Orc:2    | Bought a potion of heal wounds for 85 gold pieces
 24818 | Orc:2    | Reached skill level 5 in Shields
 25236 | Orc:2    | Reached XP level 16. HP: 114/114 MP: 16/16
 25420 | Orc:2    | Paralysed by an orc sorcerer for 5 turns
 25566 | Orc:2    | Found Xehusean's Antique Weapon Boutique.
 25566 | Orc:2    | Found Onabru's Jewellery Shop.
 25568 | Orc:2    | Found a one-way gate leading to the halls of Pandemonium.
 25579 | Orc:2    | Bought the ring of Darkness {Fly EV+5 Int-5 SInv} for 426
                  | gold pieces
 25616 | Orc:2    | Bought a scroll of acquirement for 884 gold pieces
 25616 | Orc:2    | Acquired 736 gold pieces
 25622 | Orc:2    | Bought a potion of haste for 110 gold pieces
 25622 | Orc:2    | Bought a potion of haste for 110 gold pieces
 25622 | Orc:2    | Bought a potion of berserk rage for 55 gold pieces
 25650 | Orc:2    | Bought a ring of protection from fire for 275 gold pieces
 25650 | Orc:2    | Bought a ring of protection from cold for 275 gold pieces
 26401 | Lair:3   | Noticed Nergalle
 26429 | Lair:3   | Killed Nergalle
 26486 | Lair:3   | Found a staircase to the Swamp.
 26498 | Swamp:1  | Entered Level 1 of the Swamp
 27590 | Swamp:2  | Reached skill level 15 in Unarmed Combat
 27975 | Swamp:2  | Found a blossoming altar of Fedhas.
 28187 | Swamp:2  | Noticed a thorn hunter
 28730 | Swamp:3  | Reached XP level 17. HP: 91/125 MP: 17/17
 28819 | Swamp:3  | Reached skill level 16 in Unarmed Combat
 29343 | Swamp:4  | Entered Level 4 of the Swamp
 29689 | Snake:1  | Entered Level 1 of the Snake Pit
 29838 | Snake:1  | Noticed Aizul
 29870 | Snake:1  | Killed Aizul
 29871 | Snake:1  | Reached skill level 17 in Unarmed Combat
 30411 | Snake:1  | Found Tituefron's Overcharged Wands.
 30718 | Snake:2  | Noticed Vashnia
 30724 | Snake:1  | Reached skill level 18 in Unarmed Combat
 30816 | Snake:2  | Found Vuarri Nuugi's General Store.
 30880 | Snake:2  | Bought 2 potions of heal wounds for 180 gold pieces
 30880 | Snake:2  | Bought a scroll of fear for 72 gold pieces
 31205 | Snake:2  | Killed Vashnia
 31829 | Snake:3  | Found a transporter.
 31863 | Snake:3  | Found a bloodstained altar of Trog.
 31872 | Snake:3  | Noticed Emari's ghost (adept TrBe)
 31873 | Snake:3  | Found a transporter.
 31889 | Snake:3  | Reached skill level 19 in Unarmed Combat
 32005 | Snake:3  | Reached XP level 18. HP: 130/131 MP: 18/18
 32620 | Snake:4  | Entered Level 4 of the Snake Pit
 33613 | Snake:4  | Found Riurretz's Assorted Antiques.
 33937 | Snake:4  | Reached skill level 20 in Unarmed Combat
 34066 | Snake:4  | Got a serpentine rune of Zot
 34400 | Elf:1    | Entered Level 1 of the Elven Halls
 34400 | Elf:1    | Found a runed translucent gate.
 34400 | Elf:1    | Found a runed translucent gate.
 34400 | Elf:1    | Found a runed translucent gate.
 34400 | Elf:1    | Found a runed translucent gate.
 34400 | Elf:1    | Found a runed translucent gate.
 34400 | Elf:1    | Found a runed translucent gate.
 34401 | Elf:1    | Found a runed translucent door.
 34424 | Elf:1    | Found a runed translucent door.
 34833 | Elf:1    | Got a weird book
 34864 | Elf:1    | Reached skill level 15 in Shapeshifting
 34864 | Elf:1    | Reached XP level 19. HP: 136/136 MP: 19/19
 34932 | Elf:1    | Got a dog-eared book
 35803 | Elf:2    | Found a runed translucent gate.
 35805 | Elf:2    | Found a runed translucent gate.
 35805 | Elf:2    | Found a runed translucent gate.
 36245 | Elf:3    | Entered Level 3 of the Elven Halls
 36509 | Elf:3    | Noticed a Tzitzimitl
 36512 | Elf:3    | Noticed an Ice Fiend
 36514 | Elf:3    | Noticed an Ice Fiend
 36960 | Elf:3    | Identified the ring of Tadif {rC+ Str+6}
 36984 | Elf:3    | Noticed a Brimstone Fiend
 36992 | Elf:3    | Reached skill level 15 in Fighting
 37041 | Elf:3    | Identified the +1 fire dragon scales of the Past {*Slow
                  | rF++ rC- Regen+ Int+4 Dex+5}
 37076 | Abyss:2  | Found a corrupted altar of Lugonu.
 37076 | Abyss:2  | Cast into level 2 of the Abyss (a deep elf sorcerer)
 37106 | Abyss:2  | Found a corrupted altar of Lugonu.
 37159 | Elf:3    | Escaped the Abyss
 37177 | Elf:3    | Identified the staff "Eraron" {Int+2 Dex-4 SInv Stlth+
                  | Conj}
 37207 | Elf:3    | Noticed a Tzitzimitl
 37333 | Elf:3    | Identified the +5 trident of Coerghio {drain, rPois}
 37425 | Elf:3    | Identified the +0 scale mail of the Doldrums {rF+}
 37802 | Elf:3    | Got a graven book
 37810 | Elf:3    | Identified the staff "Boris" {rPois rN+ Int+3 Dex+3 Tloc
                  | Poison}
 38008 | Elf:3    | Reached XP level 20. HP: 147/147 MP: 20/20
 39050 | Swamp:4  | Identified the +0 glaive "Apedufes" {protect, MP+9 Str+3}
 39107 | Swamp:4  | Identified the +8 shortbow of Slow Death {flame, Drain
                  | rPois Str+2}
 39121 | Swamp:4  | Identified the +0 scale mail of Distant Shores {*Slow rC+
                  | Str+2 Stlth+}
 39414 | Swamp:4  | Found a blossoming altar of Fedhas.
 39507 | Swamp:4  | Found a basalt altar of Yredelemnul.
 39871 | Swamp:4  | Got a decaying rune of Zot
 40268 | Vaults:1 | Entered Level 1 of the Vaults
 40531 | Vaults:1 | Found Oschajit's Jewellery Shoppe.
 41058 | Vaults:1 | Identified the +8 arbalest of Qaasm {elec, rF- Will++ rCorr
                  | SInv}
 41519 | Vaults:2 | Reached XP level 21. HP: 154/154 MP: 21/21
 41867 | Vaults:2 | Noticed Margery
 41879 | Vaults:2 | Killed Margery
 42916 | Vaults:3 | Found Bysoadem's Jewellery Boutique.
 42927 | Vaults:3 | Bought a +4 ring of protection for 468 gold pieces
 42980 | Vaults:3 | Found a staircase to the Crypt.
 42980 | Vaults:3 | Found an ancient bone altar of Kikubaaqudgha.
 42980 | Vaults:3 | Found a basalt altar of Yredelemnul.
 43797 | Vaults:1 | Bought a +4 ring of protection for 576 gold pieces
 44010 | Vaults:4 | Identified the +1 scale mail of Qytira Cenn {Rampage rPois
                  | rN+ Will+ Str-4}
 44210 | Vaults:4 | Reached skill level 21 in Unarmed Combat
 44839 | Vaults:4 | Reached XP level 22. HP: 164/164 MP: 22/22
 45021 | Vaults:4 | Found a transporter.
 45033 | Vaults:4 | Found a transporter.
 45139 | Vaults:5 | Entered Level 5 of the Vaults
 45219 | Vaults:5 | Found the +2 Maxwell's thermic engine {flame, freeze, rev}
 45413 | Vaults:5 | Identified the +7 war axe of Ehimirom {venom, MP+9 Str+8
                  | Int-2 Dex-3}
 45460 | Vaults:5 | Got a silver rune of Zot
 45817 | Vaults:5 | Identified the +7 hand axe "Quinat" {flame, rN+ Int+5
                  | Dex+4}
 45847 | Vaults:5 | Noticed Saint Roka
 45870 | Vaults:5 | Killed Saint Roka
 45871 | Vaults:5 | Reached skill level 22 in Unarmed Combat
 45948 | Vaults:5 | Noticed Jory
 45966 | Vaults:5 | Killed Jory
 45968 | Vaults:5 | Identified the +11 battleaxe of Deseamof {flame, Str+2
                  | Dex+3}
 46020 | Vaults:5 | Identified the +2 spear "Ocvatool" {drain, rC+}
 46038 | Vaults:5 | Identified the +11 arbalest "Piecviet" {flame, Fragile
                  | rPois rCorr MP+9}
 46044 | Vaults:5 | Identified the staff of Growth {Str+4 Conj}
 46092 | Vaults:5 | Identified the ring "Eharep" {Ice +Blink rPois MP+9 Int-3}
 46189 | Vaults:5 | Noticed an ancient lich
 46192 | Vaults:5 | Killed an ancient lich
 46280 | Vaults:5 | Reached XP level 23. HP: 174/174 MP: 23/23
 46385 | Vaults:5 | Got a decrepit book
 46508 | Vaults:5 | Identified the +8 broad axe "Yffuwuku" {drain, rC+ Str+3
                  | Int+3 Stlth-}
 46655 | Vaults:5 | Identified the staff of Watchfulness {Will++ Earth}
 46668 | Vaults:5 | Identified the ring "Zaudimox" {rPois rF++ Str+5 Dex+2}
 47059 | Depths:1 | Entered Level 1 of the Depths
 47119 | Depths:1 | Found a one-way gateway to a ziggurat.
 47413 | Depths:1 | Found a gateway to Hell.
 47476 | Depths:1 | Found a radiant altar of Vehumet.
 48226 | Depths:2 | Noticed a royal mummy
 48239 | Depths:2 | Killed a royal mummy
 48325 | Depths:2 | Noticed a royal mummy
 48327 | Depths:2 | Found the amulet of Vitality {RegenMP++ Regen++}
 48344 | Depths:2 | Killed a royal mummy
 48855 | Depths:2 | Noticed the Enchantress
 48872 | Depths:2 | Killed the Enchantress
 48873 | Depths:2 | Reached skill level 23 in Unarmed Combat
 49132 | Depths:3 | Found a large runed translucent door.
 49135 | Depths:3 | Found a large runed translucent door.
 49137 | Depths:3 | Noticed a golden dragon
 49171 | Depths:3 | Found a large runed translucent door.
 49179 | Depths:3 | Noticed a golden dragon
 49181 | Depths:3 | Found a large runed translucent door.
 49245 | Depths:3 | Reached XP level 24. HP: 183/183 MP: 23/23
 49296 | Depths:3 | Found a large runed translucent door.
 49297 | Depths:3 | Found a large runed translucent door.
 49297 | Depths:3 | Found a large runed translucent door.
 49298 | Depths:3 | Found a large runed translucent door.
 49361 | Depths:3 | Found a one-way gate to the infinite horrors of the Abyss.
 49565 | Depths:3 | Identified the +0 robe of Mumblety Peg {Will- rCorr Str+3}
 49760 | Depths:3 | Identified the amulet of the Centaur {RegenMP rPois rCorr
                  | Dex-5}
 49825 | Depths:4 | Entered Level 4 of the Depths
 49826 | Depths:4 | Noticed a caustic shrike
 49828 | Depths:4 | Noticed a caustic shrike
 49876 | Depths:4 | Identified the +3 short sword "Dragonslayer" {freeze,
                  | Stlth+}
 49897 | Depths:4 | Found a flickering gateway to a bazaar.
 49928 | Bazaar   | Entered a bazaar
 49943 | Bazaar   | Found Ceonk's Magic Scroll Shop.
 49947 | Bazaar   | Bought a scroll of fear for 68 gold pieces
 49947 | Bazaar   | Bought a scroll of enchant armour for 127 gold pieces
 49947 | Bazaar   | Bought a scroll of teleportation for 51 gold pieces
 49947 | Bazaar   | Bought a scroll of teleportation for 51 gold pieces
 49947 | Bazaar   | Bought a scroll of fog for 68 gold pieces
 49947 | Bazaar   | Bought a scroll of teleportation for 51 gold pieces
 49954 | Bazaar   | Found Zetaupug's Distillery.
 49962 | Bazaar   | Bought a potion of might for 40 gold pieces
 49962 | Bazaar   | Bought 2 potions of cancellation for 160 gold pieces
 49962 | Bazaar   | Bought a potion of cancellation for 80 gold pieces
 49962 | Bazaar   | Bought a potion of ambrosia for 80 gold pieces
 49981 | Bazaar   | Found Sepeudycs's Distillery.
 49989 | Bazaar   | Bought 2 potions of resistance for 240 gold pieces
 49989 | Bazaar   | Bought a potion of haste for 120 gold pieces
 49989 | Bazaar   | Bought a potion of resistance for 120 gold pieces
 49989 | Bazaar   | Bought a potion of ambrosia for 96 gold pieces
 50002 | Bazaar   | Found Fulitus's Magic Scroll Shop.
 50007 | Bazaar   | Bought a scroll of teleportation for 45 gold pieces
 50007 | Bazaar   | Bought a scroll of enchant armour for 112 gold pieces
 50179 | Depths:4 | Noticed a caustic shrike
 50189 | Depths:4 | Killed a caustic shrike
 50192 | Depths:4 | Killed a caustic shrike
 50205 | Depths:4 | Killed a caustic shrike
 50290 | Depths:4 | Noticed Xtahua
 50299 | Depths:4 | Killed Xtahua
 50367 | Depths:4 | Found a gate to the Realm of Zot.
 51020 | Zot:1    | Entered Level 1 of the Realm of Zot
 51046 | Zot:1    | Identified the ring of Likiq {rC+ MP+9 Int+2}
 51348 | Zot:4    | Reached skill level 24 in Unarmed Combat
 51438 | Zot:4    | Noticed a Killer Klown
 51439 | Zot:4    | Killed a Killer Klown
 51475 | Zot:5    | Entered Level 5 of the Realm of Zot
 51517 | Zot:5    | Noticed a Killer Klown
 51517 | Zot:5    | Noticed an orb of fire
 51519 | Zot:5    | Noticed an orb of fire
 51522 | Zot:5    | Noticed an orb of fire
 51522 | Zot:5    | Noticed a Killer Klown
 51536 | Zot:5    | Reached XP level 25. HP: 193/193 MP: 23/23
 51548 | Zot:5    | Got the Orb of Zot
 51551 | Zot:5    | Noticed an orb of fire
 51576 | Zot:5    | Killed a Killer Klown
 51933 | D:4      | Noticed a seraph
 52006 | D:1      | gg
 52007 | D:$      | Escaped with the Orb!

Illustrated notes

#.# ##........[# #.#####
##........# ######
#.....###....~##### #~~~~##
###.......#~~~~### ###~~~#
#...#######~~~~#####~~~~~~ #####
###~~~~~~~~~#### #####~~~### ###
########## #D# #~~~~ #.#
############ ##### #.#
#.~~~~~~#### ....#
######.#####.###~~~~~~~
###.#######...'..>#......########
##.......[....###########.#
##..#######........# #.# ##....#
#.###.#### #.### ....#'#####.#
#.# #...#


Turn 52006 on D:1: gg

Levels and vault maps discovered:
D:1:      amcnicky_arrival_choice, layout_loops_corners, serial_rivers,
          chequers_serial_rivers_large_b, chequers_serial_rivers_micro_d,
          chequers_serial_rivers_micro_d, chequers_serial_rivers_room_a,
          chequers_serial_rivers_room_a, chequers_serial_rivers_micro_a,
          shapermc_ecumenical_altar_rom_forum
D:2:      layout_loops_ring, hangedman_glass_teeth,
          amcnicky_mini_rare_corridor_liquid, kennysheep_generic_room_6,
          uniq_jessica
D:3:      layout_loops_ring, marbit_many_paths
D:4:      minmay_evil_eye, layout_basic, nicolae_gozag_zags_fifth_avenue,
          amcnicky_mini_corridor_feature, nicolae_shop_i_like_small_books_too,
          hangedman_decor_lopped, minmay_liquid_box, uniq_robin
D:5:      layout_cave_pods, lemuel_coloured_pillars_altar, minivault_1,
          nicolae_the_louvre, uniq_edmund
D:6:      layout_basic, bloody_makhleb, minmay_temple_entry_proselytizer,
          minmay_misc_feat_more_columns, uniq_crazy_yiuf_cottage
D:7:      layout_loops_cross, kennysheep_orc_sif_temple, uniq_prince_ribbit1
D:8:      layout_loops_cross, david_lair_shrubbed, enter_ossuary_5,
          enter_bailey_2, minmay_door_square, uniq_grum
D:9:      layout_roguey, lemuel_crystal_altar
D:10:     layout_roguey, trog_ov_bears_minmay, grunt_qazlal_clouds
D:11:     layout_irregular_city, minivault_25, minivault_27,
          hangedman_abyss_or_decor_stagger, uniq_snorg, uniq_psyche,
          uniq_josephine
D:12:     layout_loops_ring, orc_david_3, special_room [special_room_orc],
          st_stairs_4, dreamdust_wishing_well
D:13:     layout_loops_corners, nicolae_trove_entry_crossroad
D:14:     layout_basic, david_vaults_2, kennysheep_doodads, serial_shops,
          nicolae_shop_waterfront, kennysheep_potato, uniq_lodul
D:15:     hangedman_depths_entry_civil_slaughter, layout_irregular_city,
          corexii_corridor_pit, uniq_agnes
Lair:1:   layout_regular_city, gammafunk_ghost_split, lemuel_fruit_tree,
          grunt_megastairs_4
Lair:2:   minmay_lair_venomous_thicket, layout_layer_cave, lemuel_oklob_altar,
          infiniplex_staircase_pool, serial_bayou_shore_a
Lair:3:   layout_regular_city, palyth_hydra_swamp_entry,
          minmay_snake_entry_guardpost_small, minivault_11, beast_lair_carwin_1,
          grunt_megastairs_3, uniq_nergalle, uniq_amaemon
Lair:4:   beast_lair_carwin_large_3, layout_loops_ring,
          minmay_slime_entry_oklob_enclosed
Lair:5:   gammafunk_lair_ancient_temple, layout_cave_pods,
          infiniplex_staircase_pool_2
Swamp:1:  layout_falls_marsh, evilmike_swamp_ruin_rubble_1,
          nicolae_swamp_super_fun_site
Swamp:2:  dpeg_oklob_gauntlet, layout_falls_marsh, nicolae_swamp_tree_designs,
          swamp_pool3, nicolae_swamp_round_clearing, lemuel_altar_in_water,
          hangedman_swamp_blocks
Swamp:3:  layout_basic_swamp, nicolae_swamp_big_swirl,
          nicolae_swamp_bloodsuckers_inc
Swamp:4:  byrel_swamp_growth_death_and_undeath, layout_basic_swamp, swamp_pool3,
          hangedman_swamp_dais
Snake:1:  layout_onion_interference, nicolae_shop_overcharged_wands, uniq_aizul
Snake:2:  layout_honeycomb, serial_shops, shop, uniq_vashnia
Snake:3:  layout_honeycomb, gammafunk_ghost_wrathful_warriors
Snake:4:  grunt_snake_rune_spirals, layout_onion_interference, serial_shops,
          shop
Orc:1:    layout_caves, ebering_ghost_inner_flame
Orc:2:    pf_orc_diabolical, layout_caves, lightli_orcish_oven
Elf:1:    nicolae_elf_arrival_dilemma, layout_gridlike, minmay_elf_annihilation,
          minmay_elf_sorcery, grunt_megastairs_5
Elf:2:    nicolae_elf_blades_crystal_corner, layout_onion_city
Elf:3:    nooodl_elf_gasket, layout_onion_city, nicolae_letterblocks
          [nicolae_letter_subblock, nicolae_letter_subblock,
          nicolae_letter_subblock, nicolae_letter_subblock,
          nicolae_letter_subblock, nicolae_letter_subblock,
          nicolae_letter_subblock, nicolae_letter_subblock,
          nicolae_letter_subblock, nicolae_letter_subblock,
          nicolae_letter_subblock, nicolae_letter_subblock,
          nicolae_letter_subblock, nicolae_letter_subblock,
          nicolae_letter_subblock, nicolae_letter_subblock,
          nicolae_letter_subblock, nicolae_letter_subblock,
          nicolae_letter_subblock, nicolae_letter_subblock,
          nicolae_letter_subblock, nicolae_letter_subblock,
          nicolae_letter_subblock, nicolae_letter_subblock,
          nicolae_letter_subblock]
Vaults:1: vaults_room_door_hall, nicolae_vaults_shock_wave, vaults_dpeg_hooks,
          v_misc_1, nicolae_vaults_offset_grid_hallway_2,
          nicolae_vaults_closet_pinwheel_4,
          nicolae_vaults_offset_grid_hallway_1,
          nicolae_vaults_closet_pinwheel_3, nicolae_vaults_alarming,
          ontoclasm_vaults_decontamination, ontoclasm_vaults_fault,
          nicolae_vaults_yaktaur_gun_rack, v_alt_pattern_4,
          layout_vaults_omnibox, serial_shops, shop
Vaults:2: nicolae_vaults_hexular_roomagon, v_misc_29,
          vaults_room_grunt_arrival_ludios, v_misc_5,
          nicolae_vaults_surprise_closet, layout_vaults_omnigrid, uniq_margery
Vaults:3: v_pattern_2, nicolae_vaults_house_2, ontoclasm_vaults_tryst,
          ontoclasm_vaults_pinch, minmay_crypt_entry_necro_gods,
          nicolae_vaults_asterisk, nicolae_vaults_little_squares_3,
          layout_vaults_chaotic_city, serial_shops, shop
Vaults:4: vaults_mumra_chevron_long, gammafunk_sealed_arena,
          nicolae_vaults_diagonal_hallway_8, nicolae_vaults_tetromino_L_2,
          ontoclasm_vaults_claustrophobia, nicolae_vaults_network_periphery,
          ontoclasm_vaults_hangar, ontoclasm_vaults_eye, v_misc_11, v_misc_12,
          layout_vaults_maze_bifur
Vaults:5: uniq_saint_roka, uniq_jory
Depths:1: layout_gridlike, enter_ziggurat_f, nicolae_cairo_tiling_large_dashed,
          pf_vacation_house_of_asmodeus, nicolae_vehumet_altar_sigil
Depths:2: ragdoll_tomb_raider, layout_honeycomb, rand_demon_pan_entry_8,
          hell_entry, grunt_decor_resistance, uniq_enchantress
Depths:3: minmay_five_octagons, layout_basic, minmay_staircase_bubble,
          abyss_entry, lightli_too_deep
Depths:4: evilmike_zot_entry_diamond, layout_gridville, serial_shops,
          bzr_entry_lakeside, abyss_entry_glasseish, pan_entry, hell_entry,
          lemuel_flamethrower_3, uniq_xtahua
Zot:1:    layout_misc_corridors
Zot:2:    layout_gridlike
Zot:3:    layout_gridlike
Zot:4:    layout_gridlike, gammafunk_ghost_arena, grunt_megastairs_1
Zot:5:    layout_basic

Skill      XL: |  1  2  3  4  5  6  7  8  9 10 11 12 13 14 15 16 17 18 19 20 21 22 23 24 |
---------------+-------------------------------------------------------------------------+-----
Unarmed Combat | 4 5 6 7 8 10 11 12 14 15 19 20 21 22 23 24 | 24.3
Fighting       | 2 3 4 5 6 7 9 10 12 14 16 17 19 20 21 | 21.6
Dodging        | 4 5 6 7 11 13 14 16 | 16.0
Shapeshifting  | 4 5 6 7 9 10 11 12 15 16 19 20 21 22 | 22.9
Evocations     | 3 4 6 7 9 |  9.0
Shields        | 5 |  5.0

Action                     |  1- 3 |  4- 6 |  7- 9 | 10-12 | 13-15 | 16-18 | 19-21 | 22-24 | 25-27 || total
---------------------------+-------+-------+-------+-------+-------+-------+-------+-------+-------++-------
  Melee: Unarmed           |    67 |   145 |   240 |   530 |  1158 |  1193 |   945 |   861 |    17 ||  5156
         Constrict         |    12 |    40 |    47 |    89 |   153 |   197 |    84 |       |       ||   622
         Tentacles         |     8 |    36 |    75 |   156 |   399 |   268 |    26 |       |       ||   968
         Punch             |     1 |     9 |    26 |    52 |   167 |   111 |    91 |   137 |     2 ||   596
         Maw               |       |       |       |   133 |   551 |   351 |       |       |       ||  1035
         Tailslap          |       |       |       |       |       |       |   114 |   157 |     1 ||   272
         Bite              |       |       |       |       |       |       |    88 |   122 |     4 ||   214
  Throw: Dart              |       |     2 |     6 |     7 |     2 |       |       |       |       ||    17
         Throwing net      |       |       |       |       |     1 |       |       |       |       ||     1
 Invoke: Potion Petition   |       |       |       |       |     3 |     1 |       |       |       ||     4
         Call Merchant     |       |       |       |       |     2 |     2 |       |       |       ||     4
         Bribe Branch      |       |       |       |       |       |       |       |     3 |       ||     3
  Evoke: Wand              |       |       |     5 |    12 |    19 |     2 |       |     1 |       ||    39
         Phantom mirror    |       |       |       |       |       |       |     2 |       |       ||     2
         Tin of tremorston |       |       |       |       |       |       |       |     2 |       ||     2
    Use: Potion            |       |     2 |     2 |     4 |     6 |       |     2 |     2 |       ||    18
         Scroll            |       |     7 |     8 |     9 |    10 |     8 |     2 |     9 |     2 ||    55
   Stab: Sleeping          |    10 |     7 |     5 |    14 |    23 |    24 |    15 |     7 |       ||   105
         Distracted        |       |     1 |     2 |     4 |    17 |    18 |    21 |    17 |       ||    80
         Invisible         |       |       |       |     1 |     3 |       |       |       |       ||     4
 Armour: Skin              |    20 |    64 |   102 |   219 |   293 |   252 |   250 |   320 |     2 ||  1522
  Dodge: Dodged            |    33 |    61 |   136 |   389 |  1066 |  1159 |  1048 |   694 |     8 ||  4594
  Block: Buckler           |       |       |       |       |   123 |   197 |    81 |       |       ||   401
   Form: Maw               |       |       |       |     1 |       |       |       |       |       ||     1
         Anaconda          |       |       |       |       |       |     1 |       |       |       ||     1
         Dragon            |       |       |       |       |       |       |     2 |       |       ||     2
         Statue            |       |       |       |       |       |       |     1 |       |       ||     1
                           |       |       |       |       |       |       |     1 |       |       ||     1

Table legend: (Time is in decaauts)
 A = Elapsed time spent in this place.
 B = Non-inter-level travel time spent in this place.
 C = Inter-level travel time spent in this place.
 D = Time resting spent in this place.
 E = Time spent auto-exploring this place.
 F = Levels seen in this place.
 G = Mean time per level.
                   A        B        C        D        E       F      G
               +--------+--------+--------+--------+--------+-----+--------+
         Total |  51109 |  46549 |   4560 |   5584 |  26107 |  51 | 1002.1 |
       Dungeon |  15845 |  14076 |   1769 |   1732 |   8628 |  15 | 1056.3 |
          Lair |   8994 |   8105 |    889 |   1555 |   3611 |   5 | 1798.8 |
         Swamp |   4388 |   4106 |    282 |    899 |   1766 |   4 | 1097.0 |
     Snake Pit |   4196 |   3863 |    333 |    313 |   2365 |   4 | 1049.0 |
  Orcish Mines |   2028 |   1861 |    167 |    133 |    942 |   2 | 1014.0 |
   Elven Halls |   4093 |   3851 |    242 |    582 |   2103 |   3 | 1364.3 |
        Vaults |   6412 |   5882 |    530 |    173 |   3983 |   5 | 1282.4 |
        Depths |   3737 |   3513 |    224 |     68 |   2523 |   4 |  934.2 |
           Zot |    591 |    471 |    120 |     34 |      8 |   5 |  118.2 |
         Abyss |     80 |     80 |      0 |      0 |      0 |   1 |   80.0 |
        Bazaar |     92 |     92 |      0 |      0 |     75 |   1 |   92.0 |
       Ossuary |    161 |    161 |      0 |      0 |      0 |   1 |  161.0 |
        Bailey |    485 |    485 |      0 |     92 |    103 |   1 |  485.0 |
               +--------+--------+--------+--------+--------+-----+--------+

Top non-repeatable levels by time:
  Lair:3: 2169 daAuts
   Elf:3: 2164 daAuts
  Lair:5: 1990 daAuts
  Lair:2: 1979 daAuts
    D:13: 1805 daAuts
  Lair:4: 1776 daAuts
Vaults:5: 1576 daAuts
    D:14: 1570 daAuts
 Snake:4: 1435 daAuts
Depths:2: 1385 daAuts
   Orc:2: 1340 daAuts
 Swamp:4: 1308 daAuts
Vaults:3: 1298 daAuts
Vaults:2: 1231 daAuts
Vaults:4: 1169 daAuts
